 Dungeon Crawl Stone Soup version 0.31-a0-844-gdc52ec4e09 (webtiles) character file.

Game seed: 14325476268763578113

2196 lunkers the Martial Artist (level 9, -1/69 HPs)
             Began as a Meteoran Shapeshifter on Sept 28, 2023.
             Succumbed to a hornet's poison
             ... on level 8 of the Dungeon on Sept 29, 2023.
             The game lasted 00:10:29 (3331 turns).

lunkers the Martial Artist (Meteoran Shapeshifter)  Turns: 3331, Time: 00:10:29

Health: -1/69      AC:  6    Str: 17    XL:     9   Next: 90%
Magic:  10/10      EV: 15    Int: 11    God:
Gold:   356        SH:  4    Dex: 18    Spells: 8/8 levels left

rFire   + .          .
                       - Unarmed
rCold   . . .        p - +0 buckler
rNeg    . . .        g - +0 scale mail
rPois   .            (helmet currently unavailable)
rElec   .            (cloak currently unavailable)
rCorr   .            (gloves currently unavailable)
SInv    .            (boots currently unavailable)
Will    +....        (no amulet) Stlth
                     n - +5 ring of evasion
HPRegen 0.31/turn    v - ring of protection from fire
MPRegen 0.12/turn

%: no passive effects
@: lethally poisoned (-1 -> -12), beast-form, slowed, glowing, very slow
A: beast (slay +4), sense surroundings 2, otherworldly, glowing, explore regen
a: Begin Untransformation


You were on level 8 of the Dungeon.
You were a hulking beast.
You visited 1 branch of the dungeon, and saw 8 of its levels.

You collected 356 gold pieces.

Inventory:

Missiles
 o - 2 throwing nets
Armour
 g - a +0 scale mail (worn)
 j - a +0 cloak
 p - a +0 buckler (worn)
 u - a +2 tower shield of protection
Jewellery
 n - a +5 ring of evasion (left hand)
 v - a ring of protection from fire (right hand)
Talismans
 c - a beast talisman (active)
 d - a flux talisman
Wands
 q - a wand of polymorph (7)
Scrolls
 a - a scroll of enchant weapon
 b - 3 scrolls of teleportation
 e - 2 scrolls of noise {unknown}
 f - a scroll of fog
 m - a scroll of poison
 r - a scroll of amnesia
Potions
 h - 2 potions of enlightenment
 i - a potion of brilliance
 k - a potion of curing
 l - a potion of might {unknown}
 s - a potion of degeneration
 w - a potion of mutation


   Skills:
 + Level 3.0 Fighting
 + Level 3.6 Dodging
 * Level 11.7 Unarmed Combat
 + Level 8.2 Shapeshifting


You had 8 spell levels left.
You didn't know any spells.
Your spell library contained the following spells:

 Spells                   Type           Power      Damage    Failure   Level
 Sublimation of Blood     Necr           0%         N/A       95%         2
 Wereblood                Tmut           0%         N/A       95%         2
 Dazzling Flash           Conj/Hex       0%         N/A       99%         3
 Agony                    Necr           0%         N/A       100%        5
 Iskenderun's Battlesphe  Conj           0%         2d6       100%        5
 Silence                  Hex/Air        0%         N/A       100%        5
 Bombard                  Conj/Erth      0%         9d1       100%        6
 Spellforged Servitor     Conj/Summ      0%         N/A       100%        7
 Summon Hydra             Summ           0%         N/A       100%        7


Dungeon Overview and Level Annotations

Branches:
Dungeon (8/15) Zot: 1518   Temple (0/1) D:4
   Lair: D:8-11

Altars:
Hepliaklqana
Vehumet
Yredelemnul
The Shining One

Shops:
D:3 :   D:4 :   D:5 **(


Innate Abilities, Weirdness & Mutations

You are a hulking beast.
Your limbs bulge with bestial killing power. (Slay +4)
You passively map the area around you.
You are easily found by Zot.
You glow in the dark.
You regain HP and MP as you explore.


Message History

You hit the hornet but do no damage.
You feel very sick. The hornet stings you!
* * * LOW HITPOINT WARNING * * *
You are more poisoned.
You feel as though you will be slow longer.
You block the hornet's attack.
The orc priest looks satisfied for a moment.
Unknown command.
Okay, then.
Welcome back, lunkers the Meteoran Shapeshifter.
Press ? for a list of commands and other information.
You feel better. The hornet stings you!
* * * LOW HITPOINT WARNING * * *
You feel as though you will be slow longer.
The hornet stings you.
* * * LOW HITPOINT WARNING * * *
You feel as though you will be slow longer.
Okay, then.
Aiming: Polymorph
Press: ? - help, Shift-Dir - straight line, f - hornet
Aim: a hornet (will become a tengu, a sky beast, or a rime drake, chance to affect: 39%)
The hornet resists with some effort.
The hornet misses you. The hornet stings you.
* * * LOW HITPOINT WARNING * * *
You feel as though you will be slow longer.
Aiming: Polymorph
Press: ? - help, Shift-Dir - straight line, f/p - hornet
Aim: a hornet (will become a tengu, a sky beast, or a rime drake, chance to affect: 39%)
The hornet resists with some effort.
You block the hornet's attack. The hornet closely misses you.
The hornet stings you!
* * * LOW HITPOINT WARNING * * *
You are lethally poisoned!
You feel as though you will be slow longer.
Unknown command.
Aiming: Polymorph
Press: ? - help, Shift-Dir - straight line, f/p - hornet
Aim: a hornet (will become a tengu, a sky beast, or a rime drake, chance to affect: 39%)
The hornet resists with some effort.
You die...

* * .%...., , ,
, , ....# ## *
* , *, .... ..
, ,
*######KK##o###
,*
......K.o....#
* * #..# , , *
#..# >* * *
##oK##### , ,,
#.Kooyh.#, **
#..K###.# *
#...# .# ,*
###### #)..# .#
*
####....###...#
.# ,
.........[....#
.#, * *
####....###.#.#
.# #....# #.#.#
.#,* #....#
#.#.# , *


You could see a hornet, a kobold brigand, an orc priest, an orc wizard, an orc
and 2 kobolds.

Vanquished Creatures
  Jeremiah (D:7)
  Grinder (D:4)
  A steam dragon (D:6)
  2 water moccasins (D:6)
  A sky beast (D:6)
  2 ice beasts
  2 ogres
  2 black bears
  3 phantoms
  A scorpion (D:5)
  A jelly (D:4)
  An orc priest (D:7)
  5 hounds
  2 iguanas
  A sleepcap (D:7)
  Terence (D:2)
  7 gnolls (D:4)
  5 adders
  2 worms
  8 orcs
  10 endoplasms
  3 giant cockroaches (D:3)
  5 goblins
  7 hobgoblins
  3 jackals (D:4)
  6 kobolds
  3 quokkas
  3 ball pythons
  11 bats
  A frilled lizard (D:3)
  5 rats
  A spectral orc (D:7)
107 creatures vanquished.

Notes
Turn   | Place    | Note
-------+----------+-------------------------------------------
     0 | D:1      | lunkers the Meteoran Shapeshifter began the quest for the
                  | Orb.
     0 | D:1      | Reached XP level 1. HP: 16/16 MP: 2/2
   135 | D:1      | Reached skill level 4 in Unarmed Combat
   135 | D:1      | Reached XP level 2. HP: 22/23 MP: 3/3
   453 | D:2      | Reached XP level 3. HP: 25/28 MP: 4/4
   526 | D:2      | Found a faded altar of an unknown god.
   551 | D:2      | Noticed Terence
   557 | D:2      | Killed Terence
   558 | D:2      | Reached skill level 5 in Unarmed Combat
   558 | D:2      | Reached XP level 4. HP: 35/35 MP: 5/5
  1057 | D:3      | Found Ezimet's Book Shop.
  1223 | D:3      | Found a hazy altar of Hepliaklqana.
  1381 | D:3      | Reached XP level 5. HP: 40/40 MP: 6/6
  1539 | D:4      | Found a staircase to the Ecumenical Temple.
  1568 | D:4      | Reached skill level 6 in Unarmed Combat
  1604 | D:4      | Noticed Grinder
  1626 | D:4      | Paralysed by Grinder for 2 turns
  1633 | D:4      | Killed Grinder
  1634 | D:4      | Reached skill level 7 in Unarmed Combat
  1634 | D:4      | Reached skill level 5 in Shapeshifting
  1634 | D:4      | Reached XP level 6. HP: 47/47 MP: 7/7
  1634 | D:4      | Reached XP level 7. HP: 52/52 MP: 8/8
  1768 | D:4      | Found Basil's Tremendous Tomes.
  1866 | D:5      | Entered Level 5 of the Dungeon
  1910 | D:5      | Reached skill level 8 in Unarmed Combat
  1980 | D:5      | Noticed Sigmund
  1986 | D:5      | Noticed Sigmund
  1989 | D:5      | Killed Sigmund the hound
  2018 | D:5      | Reached XP level 8. HP: 42/59 MP: 9/9
  2087 | D:5      | Reached skill level 9 in Unarmed Combat
  2110 | D:5      | Found Newnunox's Weapon Emporium.
  2111 | D:5      | Found Eggel's General Store.
  2113 | D:5      | Found Nuko Buxoso's Assorted Antiques.
  2409 | D:6      | Reached skill level 10 in Unarmed Combat
  2450 | D:6      | Gained mutation: You passively map the area around you.
                  | [Meteoran growth]
  2450 | D:6      | Reached XP level 9. HP: 63/64 MP: 10/10
  2611 | D:6      | Reached skill level 11 in Unarmed Combat
  2719 | D:7      | Found a basalt altar of Yredelemnul.
  2801 | D:7      | Found a glowing golden altar of the Shining One.
  2801 | D:7      | Found a radiant altar of Vehumet.
  3071 | D:7      | Noticed Jeremiah
  3111 | D:7      | HP: 2/58 [Jeremiah/+3 trident of draining (2)]
  3112 | D:7      | Killed Jeremiah
  3314 | D:8      | Noticed a hornet
  3330 | D:8      | HP: 3/69 [hornet (7)]
  3331 | D:8      | Succumbed to a hornet's poison

Illustrated notes

Levels and vault maps discovered:
D:1:      erik_arrival_cave_to_civilisation [erik_arrival_cave_to_hall],
          layout_basic
D:2:      kb_forest_paths, layout_basic,
          dreamdust_ecumenical_altar_angels_and_demons, minivault_23,
          uniq_terence
D:3:      layout_basic, lemuel_tele_altar, serial_corexii_hall,
          chequers_hall_statues_wall_a, corexii_hall_statues_x,
          chequers_hall_statues_corner_a, serial_shops, shop,
          kennysheep_generic_room_16
D:4:      minmay_chambers_of_fours, layout_basic,
          minmay_temple_entry_from_below_a, nicolae_shop_i_like_big_books,
          roderic_batcave, uniq_grinder
D:5:      layout_rooms, dk_noncrumbling_2, nrook_loot_triangle,
          nicolae_wooded_promenade, uniq_sigmund
D:6:      layout_basic, grunt_decor_mini_mirrors, chequers_arboretum
D:7:      layout_basic, yredelemnul_forgotten_temple_becter,
          amethyst_overflow_temple_binary, uniq_jeremiah
D:8:      layout_basic, mainiacjoe_overflow_catwalk, cheibriados_altar_1,
          uniq_maggie

Skill      XL: |  1  2  3  4  5  6  7  8  9 |
---------------+----------------------------+-----
Unarmed Combat | 4 5 7 8 10 11 | 11.7
Shapeshifting  | 4 5 6 7 8 |  8.2
Fighting       | 3 |  3.0
Dodging        | 3 |  3.6

Action                     |  1- 3 |  4- 6 |  7- 9 || total
---------------------------+-------+-------+-------++-------
  Melee: Unarmed           |    52 |    80 |   209 ||   341
         Punch             |     1 |     1 |     9 ||    11
  Evoke: Wand              |       |       |     4 ||     4
    Use: Potion            |       |     1 |     1 ||     2
         Scroll            |       |       |    16 ||    16
 Armour: Animal skin       |     8 |       |       ||     8
         Scale mail        |    17 |    29 |    98 ||   144
         Skin              |       |     3 |       ||     3
  Dodge: Dodged            |    21 |    64 |   154 ||   239
  Block: Buckler           |       |       |     5 ||     5

Table legend: (Time is in decaauts)
 A = Elapsed time spent in this place.
 B = Non-inter-level travel time spent in this place.
 C = Inter-level travel time spent in this place.
 D = Time resting spent in this place.
 E = Time spent auto-exploring this place.
 F = Levels seen in this place.
 G = Mean time per level.
                   A        B        C        D        E       F      G
               +--------+--------+--------+--------+--------+-----+--------+
         Total |   3281 |   3092 |    189 |     36 |   1954 |   8 |  410.1 |
       Dungeon |   3281 |   3092 |    189 |     36 |   1954 |   8 |  410.1 |
               +--------+--------+--------+--------+--------+-----+--------+

Top non-repeatable levels by time:
     D:7: 655 daAuts
     D:3: 575 daAuts
     D:2: 567 daAuts
     D:6: 385 daAuts
     D:1: 373 daAuts
     D:5: 350 daAuts
     D:4: 326 daAuts
     D:8: 47 daAuts
